 Dungeon Crawl Stone Soup version 0.28-a0-983-g1de4e0787c (webtiles) character file.

Game seed: 12364551854212504532

5111 Strat the Slicer (level 10, -7/73 HPs)
             Began as a Demonspawn Brigand on Dec 2, 2021.
             Was a Priest of Hepliaklqana.
             Mangled by an orc warrior (24 damage)
             ... in a bailey.
             The game lasted 00:17:33 (9186 turns).

Strat the Slicer (Demonspawn Brigand)               Turns: 9186, Time: 00:17:34

Health: -7/73      AC: 12    Str: 15    XL:     10   Next: 32%
Magic:  10/10      EV: 17    Int: 12    God:    Hepliaklqana [***...]
Gold:   321        SH:  5    Dex: 22    Spells: 9/9 levels left

rFire   + . .      SeeInvis .   B - +4 dagger of Rakhouw {elec, rF+}
rCold   . . .      Faith    .   (no shield)
rNeg    . . .      Spirit   .   F - +1 ring mail {rPois}
rPois   +          Reflect  +   (no helmet)
rElec   .          Harm     .   c - +2 cloak
rCorr   .          Rampage  .   k - +0 pair of gloves
Will    .....                   (no boots)
Stlth   +++.......              r - amulet of reflection
HPRegen 0.22/turn               s - +6 ring of dexterity
MPRegen 0.12/turn               x - +4 ring of evasion

@: mighty
A: reduced essence, molten scales 1, demonic guardian 1, demonic magic 1,
weakness stinger 2
a: Renounce Religion, Recall Ancestor, Ancestor Identity, Transference


You were in a bailey.
You worshipped Hepliaklqana.
Hepliaklqana was most pleased with you.
You visited 1 branch of the dungeon, and saw 7 of its levels.
You also visited: Bailey.

You collected 321 gold pieces.

Inventory:

Hand Weapons
 a - a +3 dagger
 n - the +6 dagger of Inflation {vorpal, rPois rF- Dex+4}
   (You found it on level 4 of the Dungeon)

   It inflicts extra damage upon your enemies.
   Dex:       It affects your dexterity (+4).
   rF:        It makes you vulnerable to fire.
   rPois:     It protects you from poison.
 z - the +3 hand crossbow "Hicruot" {penet, Dex+3 Stlth+}
   (You found it in a bailey)

   Any ammunition fired by it passes through the targets it hits, potentially
   hitting all targets in its path until it reaches maximum range.
   Dex:       It affects your dexterity (+3).
   Stlth:     It makes you more stealthy.
 B - the +4 dagger of Rakhouw (weapon) {elec, rF+}
   (You found it on level 6 of the Dungeon)

   It occasionally discharges a powerful burst of electricity upon striking a
   foe.
   rF:        It protects you from fire.
Missiles
 d - 12 poisoned darts (quivered)
 e - 5 curare-tipped darts
 h - 279 stones
 i - 3 boomerangs
Armour
 c - a +2 cloak (worn)
 k - a +0 pair of gloves (worn)
 l - a +0 ring mail
 F - a +1 ring mail of poison resistance (worn)
Jewellery
 r - an amulet of reflection (around neck)
 s - a +6 ring of dexterity (left hand)
 v - a ring of flight
 x - a +4 ring of evasion (right hand)
Wands
 t - a wand of flame (23)
Scrolls
 b - 2 scrolls of fog
 q - 2 scrolls of magic mapping
 y - a scroll of amnesia
 C - 2 scrolls of enchant armour
 E - a scroll of enchant weapon
 G - a scroll of acquirement
Potions
 f - 3 potions of brilliance
 g - a potion of berserk rage
 j - 3 potions of curing
 m - 5 potions of heal wounds
 p - 2 potions of lignification
 u - a potion of ambrosia
 w - a potion of invisibility {unknown}
 A - a potion of cancellation
 D - 2 potions of experience


   Skills:
 + Level 8.7 Fighting
 - Level 10.0 Short Blades
 - Level 1.7 Throwing
 - Level 3.0 Armour
 + Level 4.7 Dodging
 - Level 5.0 Stealth


You had 9 spell levels left.
You didn't know any spells.
Your spell library contained the following spells:

 Spells                   Type           Power      Damage    Failure   Level
 Sandblast                Erth           0%         2d4       54%         1
 Passwall                 Tmut/Erth      0%         N/A       67%         2
 Static Discharge         Conj/Air       0%         N/A       67%         2
 Stone Arrow              Conj/Erth      0%         3d7       88%         3
 Lightning Bolt           Conj/Air       0%         1d11      100%        5
 Maxwell's Capacitive Co  Air            0%         ∞         100%        8


Dungeon Overview and Level Annotations

Branches:
Dungeon (7/15)             Temple (0/1) D:4          Bailey (1/1)

Altars:
Cheibriados
Dithmenos
Elyvilon
Fedhas
Hepliaklqana
Nemelex Xobeh
Sif Muna
Trog
Vehumet
Xom

Shops:
D:2 (   D:7 [


Innate Abilities, Weirdness & Mutations

Your life essence is reduced to manifest your ancestor. (-10% HP)
You are partially covered in molten scales. (AC +2)
A weak demonic guardian rushes to your aid.
Spells you cast may paralyse adjacent enemies.
You have a tail ending in a sharp stinger.


Message History

You block the orc knight's attack.
Bintanath blocks the orc knight's attack.
The orc warrior completely misses you.
You barely miss the orc knight.
The orc knight is moderately wounded.
Bintanath barely misses the orc knight.
You hit the orc knight but do no damage.
The orc knight is moderately wounded.
The orc knight hits you with a +0 battleaxe!
* * * LOW HITPOINT WARNING * * *
Bintanath blocks the orc knight's attack.
The orc warrior hits you with a +0 hand axe!
* * * LOW HITPOINT WARNING * * *
You closely miss the orc knight.
You tail-slap the orc knight, but do no damage.
The orc knight is moderately wounded.
Bintanath hits the orc knight but does no damage.
You puncture the orc knight!
Lightning courses through the orc knight!!
The orc knight is severely wounded.
The orc warrior misses you.
You hit the orc knight but do no damage.
The orc knight is severely wounded.
Bintanath closely misses the orc knight.
The orc knight roars a battlecry!
The orc warrior goes into a battle-frenzy!
You puncture the orc knight!
Your tail-slap misses the orc knight.
The orc knight is almost dead.
The orc warrior barely misses you.
You closely miss the orc knight.
You tail-slap the orc knight, but do no damage.
The orc knight is almost dead.
Bintanath hits the orc knight with a +0 flail!
The orc knight dies!
The orc warrior hits you with a +0 hand axe!!
* * * LOW HITPOINT WARNING * * *
You puncture the orc warrior! You tail-slap the orc warrior.
The orc warrior is heavily wounded.
The orc warrior hits you with a +0 hand axe!!
You die...

#...........#)##.≈≈≈≈≈≈≈
#############))#.≈≈≈≈≈≈≈
#))..'.'....#..#.≈≈≈≈≈≈≈
#.)..#.#....#..#.≈≈≈≈≈≈≈
######.######..#.≈≈≈≈≈≈≈
'.....∩.^...'..#.≈≈≈≈≈≈≈
######.#########'#≈≈≈≈≈≈
#....#.#..[[#..R.#≈≈≈≈≈≈
#....'.'..[.#..o@#≈≈≈≈≈≈
#############.(###≈≈≈≈≈≈
#.....∩.....#.. ≈≈≈≈≈
#≈≈≈≈≈≈≈≈≈≈≈### ≈≈≈≈
≈≈≈≈≈≈≈≈≈≈≈≈≈≈
≈≈≈≈≈≈≈≈≈≈≈≈≈≈≈
≈≈≈≈≈≈≈≈≈≈≈≈≈≈≈≈
≈≈≈≈≈≈≈≈≈≈≈≈≈≈≈≈


You could see the friendly Bintanath the knight and an orc warrior (strong, ally
target).

Vanquished Creatures
  A kobold demonologist (Bailey)
  Prince Ribbit (D:5)
  A wyvern (D:7)
  3 yaks (D:6)
  A steam dragon (D:6)
  An ice beast (D:6)
  7 orc warriors (Bailey)
  An ogre (D:6)
  A necrophage (D:7)
  2 scorpions (D:6)
  A water moccasin zombie (D:6)
  A wyvern skeleton (D:7)
  A water moccasin skeleton (D:4)
  2 electric eels (Bailey)
  2 hounds
  Jessica (D:2)
  3 iguanas
  A hound zombie (D:5)
  5 gnolls (Bailey)
  10 adders
  3 worms
  A dart slug (D:3)
  12 orcs
  4 endoplasms
  A giant cockroach (D:2)
  14 goblins
  11 hobgoblins
  6 jackals
  7 kobolds
  2 quokkas (D:1)
  5 ball pythons
  5 bats
  3 frilled lizards
  8 rats
128 creatures vanquished.

Vanquished Creatures (collateral kills)
  2 orc knights (Bailey)
  A kobold demonologist (Bailey)
  2 water moccasins
  2 orc warriors (Bailey)
  A sky beast (D:7)
  An ogre (D:5)
  A necrophage (D:4)
  A phantom (D:4)
  A bullfrog (D:6)
  A kobold brigand (D:6)
  An electric eel (Bailey)
  A centaur zombie (D:6)
  A jelly (D:7)
  A bullfrog skeleton (D:5)
  An iguana (D:5)
  Ijyb (D:5)
  3 gnolls (Bailey)
  An adder (D:6)
  An ufetubus (D:6)
  An orc (D:4)
  A goblin (Bailey)
  A hobgoblin (Bailey)
  A quokka (D:5)
  A kobold (D:6)
29 creatures vanquished.

Vanquished Creatures (others)
  A knight (D:5)
  An adder (D:4)
  2 orcs (D:5)
  A quokka (D:4)
5 creatures vanquished.

Grand Total: 162 creatures vanquished

Notes
Turn   | Place    | Note
-------+----------+-------------------------------------------
     0 | D:1      | Strat the Demonspawn Brigand began the quest for the Orb.
     0 | D:1      | Reached XP level 1. HP: 16/16 MP: 1/1
   175 | D:1      | Reached skill level 2 in Short Blades
   334 | D:1      | Gained mutation: You are partially covered in molten
                  | scales. (AC +2) [demonic ancestry]
   334 | D:1      | Reached XP level 2. HP: 6/22 MP: 2/2
   724 | D:1      | Found a faded altar of an unknown god.
  1180 | D:2      | Gained mutation: You have a small tail. [demonic ancestry]
  1180 | D:2      | Reached XP level 3. HP: 25/27 MP: 3/3
  1319 | D:2      | Reached skill level 3 in Short Blades
  1404 | D:2      | Noticed Jessica
  1418 | D:2      | Killed Jessica
  1498 | D:2      | Gained mutation: You have a tail ending in a sharp stinger.
                  | [demonic ancestry]
  1498 | D:2      | Reached XP level 4. HP: 30/33 MP: 4/4
  1832 | D:2      | Found Joduunet's Weapon Boutique.
  1979 | D:2      | You fall into a shaft and drop 2 floors!
  1988 | D:3      | Reached skill level 4 in Short Blades
  1988 | D:3      | Reached XP level 5. HP: 28/38 MP: 5/5
  2860 | D:3      | Found a snail-covered altar of Cheibriados.
  3347 | D:3      | Found a shimmering altar of Xom.
  3348 | D:3      | Found a hazy altar of Hepliaklqana.
  3349 | D:3      | Noticed a spectral ugly thing
  3367 | D:3      | Became a worshipper of Hepliaklqana the Forgotten
  3840 | D:4      | Noticed a necrophage
  3922 | D:4      | Identified the +6 dagger of Inflation {vorpal, rPois rF-
                  | Dex+4}
  3942 | D:4      | Noticed an ogre
  4025 | D:4      | Found a staircase to the Ecumenical Temple.
  4172 | D:4      | Found a shadowy altar of Dithmenos.
  4190 | D:4      | Reached * piety under Hepliaklqana
  4248 | D:4      | Found a shimmering blue altar of Sif Muna.
  4317 | D:4      | Gained mutation: A weak demonic guardian rushes to your
                  | aid. [demonic ancestry]
  4317 | D:4      | Reached XP level 6. HP: 38/39 MP: 6/6
  4408 | D:4      | Reached skill level 5 in Short Blades
  4408 | D:4      | Reached skill level 5 in Stealth
  4809 | D:4      | Found a radiant altar of Vehumet.
  4915 | D:5      | Entered Level 5 of the Dungeon
  5059 | D:5      | Noticed a water moccasin
  5289 | D:5      | Found a sparkling altar of Nemelex Xobeh.
  5348 | D:5      | Noticed Prince Ribbit
  5371 | D:5      | Killed Prince Ribbit
  5372 | D:5      | Reached skill level 6 in Short Blades
  5372 | D:5      | Reached XP level 7. HP: 40/48 MP: 7/7
  5802 | D:5      | Reached ** piety under Hepliaklqana
  5803 | D:5      | Remembered your ancestor Bintanath as a knight
  5912 | D:5      | Reached skill level 5 in Fighting
  5913 | D:5      | Noticed Ijyb
  6102 | D:5      | Found a blossoming altar of Fedhas.
  6254 | D:5      | Reached skill level 1 in Armour
  6282 | D:5      | Killed Ijyb
  6357 | D:6      | Reached XP level 8. HP: 55/55 MP: 8/8
  6492 | D:6      | Identified the +4 dagger of Rakhouw {elec, rF+}
  6929 | D:6      | Reached *** piety under Hepliaklqana
  6937 | D:6      | Reached skill level 7 in Short Blades
  7200 | D:6      | Reached skill level 8 in Short Blades
  7205 | D:6      | Reached XP level 9. HP: 45/63 MP: 9/9
  8040 | D:7      | Found a snail-covered altar of Cheibriados.
  8042 | D:7      | Found Cheibriados's Comfort Zone.
  8168 | D:7      | Found a bloodstained altar of Trog.
  8196 | D:7      | Reached skill level 9 in Short Blades
  8401 | D:7      | Found a flagged portal.
  8414 | Bailey   | Entered a bailey
  8476 | Bailey   | Noticed a kobold demonologist
  8483 | Bailey   | Noticed a kobold demonologist
  8497 | Bailey   | Killed a kobold demonologist
  8501 | Bailey   | Killed a kobold demonologist
  8502 | Bailey   | Reached skill level 10 in Short Blades
  8502 | Bailey   | Reached skill level 1 in Dodging
  8509 | Bailey   | Found an iron altar of Okawaru.
  8573 | Bailey   | Noticed an orc knight
  8586 | Bailey   | Killed an orc knight
  8593 | Bailey   | Gained mutation: Spells you cast may paralyse adjacent
                  | enemies. [demonic ancestry]
  8593 | Bailey   | Reached XP level 10. HP: 69/72 MP: 10/10
  8631 | Bailey   | Identified the +3 hand crossbow "Hicruot" {penet, Dex+3
                  | Stlth+}
  9172 | Bailey   | Noticed an orc knight
  9184 | Bailey   | Killed an orc knight
  9186 | Bailey   | Mangled by an orc warrior

Illustrated notes

Levels and vault maps discovered:
D:1:      scummos_arrival_star, layout_loops_ring,
          shapermc_ecumenical_altar_totnotflames, minmay_octomino_c4
D:2:      layout_basic, serial_shops, nicolae_shop_trees, dk_noncrumbling_4,
          uniq_jessica
D:3:      minmay_evil_eye, layout_loops_corners, regret_index_temple_of_mockery,
          cheibrodos_worm_habitat
D:4:      layout_basic, lemuel_coloured_pillars_altar, elyvilon_altar_4,
          nicolae_dithmenos_shadow_blocks, led_sif_pool,
          minmay_temple_entry_slanted
D:5:      layout_layer_cave, fedhas_altar_2, nemelex_diamond_rough_becter,
          uniq_prince_ribbit1, uniq_ijyb
D:6:      layout_layer_cave
D:7:      layout_basic, lemuel_tele_altar, enter_bailey_7,
          minmay_misc_feat_doors, corexii_hall_statues_x, minmay_shop_chei,
          uniq_menkaure
Bailey:   bailey_axe_of_yendor_kennysheep, bailey

Skill      XL: |  1  2  3  4  5  6  7  8  9 10 |
---------------+-------------------------------+-----
Short Blades   | 2 3 4 6 8 10 | 10.0
Stealth        | 4 5 |  5.0
Fighting       | 4 5 6 7 8 |  8.7
Armour         | 1 3 |  3.0
Dodging        | 3 4 |  4.7
Throwing       | |  1.7

Action                   |  1- 3 |  4- 6 |  7- 9 | 10-12 || total
-------------------------+-------+-------+-------+-------++-------
Melee: Dagger            |   113 |   185 |   172 |    62 ||   532
       Tailslap          |     7 |    36 |    33 |    11 ||    87
Throw: Dart              |     5 |     6 |     5 |     2 ||    18
       Stone             |       |     2 |       |       ||     2
Invok: Ancestor Life: Kn |       |       |     1 |       ||     1
Evoke: Wand              |       |       |     6 |       ||     6
  Use: Scroll            |       |    15 |     4 |       ||    19
       Potion            |       |       |     1 |     1 ||     2
 Stab: Sleeping          |     7 |     4 |     3 |     2 ||    16
       Distracted        |       |     1 |     1 |       ||     2
Armor: Robe              |     3 |       |       |       ||     3
       Ring mail         |    25 |    52 |    28 |     2 ||   107
Dodge: Dodged            |    60 |    66 |    64 |    22 ||   212
Block: Other             |       |     5 |    18 |     5 ||    28

Table legend: (Time is in decaauts)
 A = Elapsed time spent in this place.
 B = Non-inter-level travel time spent in this place.
 C = Inter-level travel time spent in this place.
 D = Time resting spent in this place.
 E = Time spent auto-exploring this place.
 F = Levels seen in this place.
 G = Mean time per level.
                   A        B        C        D        E       F      G
               +--------+--------+--------+--------+--------+-----+--------+
         Total |   9051 |   8778 |    273 |   1203 |   5981 |   8 | 1131.4 |
       Dungeon |   8332 |   8059 |    273 |    929 |   5817 |   7 | 1190.3 |
        Bailey |    719 |    719 |      0 |    274 |    164 |   1 |  719.0 |
               +--------+--------+--------+--------+--------+-----+--------+

Top non-repeatable levels by time:
     D:3: 1557 daAuts
     D:6: 1448 daAuts
     D:5: 1310 daAuts
     D:2: 1162 daAuts
     D:1: 1160 daAuts
     D:4: 1100 daAuts
  Bailey: 719 daAuts
     D:7: 591 daAuts
